Penguins vs Gulls
Created - November 10, 2025 at 19:28
Goals
|
| Penguins |
1 |
0 |
2 |
3 |
| Gulls |
1 |
1 |
0 |
2 |
|
Shots
|
| Penguins |
11 |
15 |
7 |
33 |
| Gulls |
7 |
16 |
8 |
31 |
|
1st period
1. Gulls , Seth Jarvis 2 (Dominic Turgeon 4) at 6:59 (PP)
2. Penguins , Iven Barbashev 1 (Clayton Keller 2, Evan Rodrigues 2) at 10:13
Penalties :
Jackson LaCombe (Wil) for Tripping (Minor) at 6:58, Zac Leslie (S.D) for Hooking (Minor) at 13:31
2nd period
3. Gulls , Mikhail Maltsev 2 (Tarmo Reunanen 1, Troy Terry 1) at 18:31
Penalties :
Mikhail Maltsev (S.D) for Delaying the game (Minor) at 4:47, Luke Kunin (S.D) for Tripping (Minor) at 19:05
3rd period
4. Penguins , Iven Barbashev 2 (Matthew Boldy 1, Bowen Byram 3) at 8:32
5. Penguins , Iven Barbashev 3 (Clayton Keller 3, Evan Rodrigues 3) at 13:17 (PP)
Penalties :
Jackson LaCombe (Wil) for Tripping (Minor) at 5:32, Henri Ikonen (S.D) for Tripping (Minor) at 11:56, Jackson LaCombe (Wil) for Tripping (Minor) at 16:48
Goalie Stats
Louis Domingue (Wil), 29 saves from 31 shots - (0.935), W, 1-0-0, 60:00 minutes
Thomas McCollum (S.D), 30 saves from 33 shots - (0.909), L, 2-1-0, 59:04 minutes
Players Stats for Penguins
Player Name G A P +/- PIM S H SB GA TA FO MP PP MP PK MP
------------------------------------------------------------------------------------
0 0 0 0 0 0 0 0 0 0 0/0 0:00 0:00 0:00
0 0 0 0 0 0 0 0 0 0 0/0 0:00 0:00 0:00
0 0 0 0 0 0 0 0 0 0 0/0 0:00 0:00 0:00
0 0 0 0 0 0 0 0 0 0 0/0 0:00 0:00 0:00
0 0 0 0 0 0 0 0 0 0 0/0 0:00 0:00 0:00
0 0 0 0 0 0 0 0 0 0 0/0 0:00 0:00 0:00
0 0 0 0 0 0 0 0 0 0 0/0 0:00 0:00 0:00
Artemi Kniazev 0 0 0 0 0 0 0 1 0 1 0/0 15:17 0:00 1:41
Bowen Byram 0 1 1 0 0 0 1 4 0 0 0/0 20:20 3:28 1:41
Clayton Keller 0 2 2 1 0 3 4 0 1 0 0/1 20:33 4:41 0:00
Denis Malgin 0 0 0 0 0 0 0 1 0 0 1/2 12:28 0:00 1:02
Dmitry Voronkov 0 0 0 0 0 1 1 0 0 0 1/3 7:36 0:00 0:00
Evan Rodrigues 0 2 2 2 0 2 3 1 0 0 12/35 23:33 4:41 1:59
Iven Barbashev 3 0 3 2 0 6 1 1 2 2 0/1 23:31 4:41 1:57
Jackson LaCombe 0 0 0 0 6 1 0 1 1 0 0/0 14:58 0:21 0:00
Jamie Drysdale 0 0 0 0 0 2 1 0 0 1 0/0 25:31 3:38 2:11
Jeff Malott 0 0 0 0 0 2 1 0 2 0 0/0 12:35 0:00 1:09
Jesper Boqvist 0 0 0 1 0 2 1 2 0 0 0/2 12:54 0:00 0:06
John Marino 0 0 0 0 0 1 3 2 0 4 0/0 28:32 5:04 2:18
Marc Del Gaizo 0 0 0 0 0 2 2 2 0 1 0/0 13:57 2:05 0:01
Matthew Boldy 0 1 1 0 0 4 2 1 0 0 0/1 17:20 2:37 1:09
Philipp Kurashev 0 0 0 0 0 2 2 2 3 0 1/1 15:34 2:37 0:00
Pierre-Luc Dubois 0 0 0 -1 0 3 2 2 0 0 7/10 16:07 2:37 0:42
Sampo Ranta 0 0 0 0 0 0 1 0 0 0 0/0 7:36 0:00 0:00
Valtteri Puustinen 0 0 0 0 0 2 0 0 0 0 0/0 7:36 0:00 0:00
Players Stats for Gulls
Player Name G A P +/- PIM S H SB GA TA FO MP PP MP PK MP
------------------------------------------------------------------------------------
0 0 0 0 0 0 0 0 0 0 0/0 0:00 0:00 0:00
0 0 0 0 0 0 0 0 0 0 0/0 0:00 0:00 0:00
0 0 0 0 0 0 0 0 0 0 0/0 0:00 0:00 0:00
0 0 0 0 0 0 0 0 0 0 0/0 0:00 0:00 0:00
0 0 0 0 0 0 0 0 0 0 0/0 0:00 0:00 0:00
0 0 0 0 0 0 0 0 0 0 0/0 0:00 0:00 0:00
0 0 0 0 0 0 0 0 0 0 0/0 0:00 0:00 0:00
Calvin Thurkauf 0 0 0 -2 0 3 3 2 2 0 9/11 15:23 0:00 3:53
Dominic Turgeon 0 1 1 1 0 0 4 2 0 0 14/26 20:23 2:09 1:52
Emil Heineman 0 0 0 0 0 0 0 0 0 0 0/0 10:03 1:50 1:22
Henri Ikonen 0 0 0 0 2 3 2 0 1 1 0/0 17:28 0:06 3:23
Jack Glover 0 0 0 0 0 1 2 1 2 2 0/0 22:02 0:00 2:34
Luke Kunin 0 0 0 0 2 2 3 0 1 0 6/14 14:48 1:50 0:00
Markus Niemelainen 0 0 0 -1 0 0 0 1 0 1 0/0 13:44 0:00 2:34
Matt Grzelcyk 0 0 0 0 0 2 0 1 0 1 0/0 24:45 2:02 4:44
Mikhail Maltsev 1 0 1 1 2 6 3 1 0 1 1/1 18:45 2:03 0:21
Mikko Vainonen 0 0 0 0 0 0 0 2 0 0 0/0 23:13 1:57 4:44
Nick Merkley 0 0 0 -1 0 0 0 0 0 0 0/0 16:25 0:06 1:13
Pavel Dorofeyev 0 0 0 -2 0 0 0 0 0 0 0/0 11:30 0:00 0:00
Quinton Byfield 0 0 0 0 0 1 0 0 0 0 0/0 8:32 0:00 0:40
Seth Jarvis 1 0 1 -1 0 5 0 0 3 0 0/0 12:32 2:03 0:00
Tarmo Reunanen 0 1 1 -1 0 2 0 0 0 1 0/0 13:07 1:57 0:00
Troy Terry 0 1 1 1 0 2 3 2 0 1 3/3 18:03 1:50 0:00
Zac Leslie 0 0 0 0 2 3 3 3 0 1 0/0 23:08 2:02 0:00
Zack MacEwen 0 0 0 0 0 1 1 1 0 0 1/1 8:47 0:00 1:52
3 Stars
1 - Iven Barbashev (Wil)
2 - Evan Rodrigues (Wil)
3 - Clayton Keller (Wil)
Power Play
Penguins - 1 on 4 Attempt(s) - 25.00%
Gulls - 1 on 3 Attempt(s) - 33.33%
Penalty Kill
Penguins - 2 on 3 Attempt(s) - 66.67%
- Score 0 goal in Penalty Kill
Gulls - 3 on 4 Attempt(s) - 75.00%
- Score 0 goal in Penalty Kill
Team Stat
Penguins - Hits : 25 - Faceoff Wins : 22 - Blocked Shots : 20 - Penalty Minutes : 6
Gulls - Hits : 24 - Faceoff Wins : 34 - Blocked Shots : 16 - Penalty Minutes : 8
Official
Referees : Brandon Schrader and Brandon Blandina
Linesman : James Tobias and Ryan Daisy
Game Notes
Marc Del Gaizo is injured at 13:30 of 2nd period (Sprained Right Knee)
Iven Barbashev has scored a Hat Trick!
Finance
Level 1 -- Attendance: 1949 (97.45%) -- Ticket Income $136,430
Level 2 -- Attendance: 904 (90.40%) -- Ticket Income $36,160
Total Attendance: 2853 (95.10%)
Total Ticket Income: $172,590
Other Income: $8,630
Total Income: $181,220
Penguins
5 vs 5 Forward
Center Left Wing Right Wing Time % Phy DF OF
1 Evan Rodrigues Iven Barbashev Clayton Keller 40 1 2 2
2 Pierre-Luc Dubois Matthew Boldy Philipp Kurashev 30 1 2 2
3 Denis Malgin Jeff Malott Jesper Boqvist 20 1 2 2
4 Dmitry Voronkov Sampo Ranta Valtteri Puustinen 10 1 2 2
5 vs 5 Defense
Defense Defense Time % Phy DF OF
1 John Marino Marc Del Gaizo 45 1 2 2
2 Bowen Byram Jamie Drysdale 35 1 2 2
3 Jackson LaCombe Artemi Kniazev 20 1 2 2
4 John Marino Marc Del Gaizo 0 1 2 2
PowerPlay Forward
Center Left Wing Right Wing Time % Phy DF OF
1 Evan Rodrigues Iven Barbashev Clayton Keller 60 0 2 3
2 Pierre-Luc Dubois Matthew Boldy Philipp Kurashev 40 0 2 3
PowerPlay Defense
Defense Defense Time % Phy DF OF
1 John Marino Marc Del Gaizo 60 0 2 3
2 Bowen Byram Jamie Drysdale 40 0 2 3
Penalty Kill 4 Players Forward
Center Wing Time % Phy DF OF
1 Evan Rodrigues Iven Barbashev 60 1 3 1
2 Pierre-Luc Dubois Matthew Boldy 40 1 3 1
Penalty Kill 4 Players Defense
Defense Defense Time % Phy DF OF
1 John Marino Marc Del Gaizo 60 1 3 1
2 Bowen Byram Jamie Drysdale 40 1 3 1
Penalty Kill - 3 Players Forward
Forward Time % Phy DF OF
1 Evan Rodrigues 60 1 3 1
2 Pierre-Luc Dubois 40 1 3 1
Penalty Kill - 3 Players Defense
Defense Defense Time % Phy DF OF
1 John Marino Marc Del Gaizo 60 1 3 1
2 Bowen Byram Jamie Drysdale 40 1 3 1
4 vs 4 Forward
Center Wing Time % Phy DF OF
1 Evan Rodrigues Iven Barbashev 60 0 2 3
2 Pierre-Luc Dubois Matthew Boldy 40 0 2 3
4 vs 4 Defense
Defense Defense Time % Phy DF OF
1 John Marino Marc Del Gaizo 60 1 2 2
2 Bowen Byram Jamie Drysdale 40 1 2 2
Last Minutes Offensive
Center Left Wing Right Wing Defense Defense
Evan Rodrigues Iven Barbashev Clayton Keller John Marino Marc Del Gaizo
Last Minutes Defensive
Center Left Wing Right Wing Defense Defense
Evan Rodrigues Iven Barbashev Clayton Keller John Marino Marc Del Gaizo
Goaltenders
Starting : Louis Domingue
Backup : Spencer Knight
Extra Forwards
Normal : Matthew Boldy, Denis Malgin, Philipp Kurashev - PP : Matthew Boldy, Denis Malgin - PK : Matthew Boldy
Extra Defensemen
Normal : Jamie Drysdale, Jackson LaCombe, Artemi Kniazev - PP : Jamie Drysdale - PK : Jamie Drysdale, Jackson LaCombe
Penalty Shots
Iven Barbashev, Evan Rodrigues, Pierre-Luc Dubois, Clayton Keller, Matthew Boldy
Custom OT Lines Forwards
Iven Barbashev, Evan Rodrigues, Pierre-Luc Dubois, Clayton Keller, Matthew Boldy, Denis Malgin, Philipp Kurashev, Jesper Boqvist, Jeff Malott, Sampo Ranta
Custom OT Lines Defensemen
John Marino, Marc Del Gaizo, Bowen Byram, Jamie Drysdale, Jackson LaCombe
Scratches
Donovan Sebrango (Healthy), Josh Ho-Sang (Healthy), Juuso Ikonen (Healthy), Kevin Stenlund (Healthy), Austin Strand (Healthy)
Ryan MacInnis (Healthy), Shawn Boudrias (Healthy), Ryan Johnson (Healthy), Nolan Foote (Healthy), Zachary Bouthillier (Healthy)
Gulls
5 vs 5 Forward
Center Left Wing Right Wing Time % Phy DF OF
1 Dominic Turgeon Mikhail Maltsev Troy Terry 40 0 2 3
2 Luke Kunin Henri Ikonen Nick Merkley 30 0 2 3
3 Calvin Thurkauf Pavel Dorofeyev Seth Jarvis 20 0 2 3
4 Quinton Byfield Emil Heineman Zack MacEwen 10 0 2 3
5 vs 5 Defense
Defense Defense Time % Phy DF OF
1 Jack Glover Zac Leslie 40 1 2 2
2 Mikko Vainonen Matt Grzelcyk 30 1 2 2
3 Tarmo Reunanen Markus Niemelainen 20 1 2 2
4 Zac Leslie Matt Grzelcyk 10 1 2 2
PowerPlay Forward
Center Left Wing Right Wing Time % Phy DF OF
1 Dominic Turgeon Mikhail Maltsev Seth Jarvis 60 0 1 4
2 Luke Kunin Emil Heineman Troy Terry 40 0 1 4
PowerPlay Defense
Defense Defense Time % Phy DF OF
1 Zac Leslie Matt Grzelcyk 60 0 1 4
2 Tarmo Reunanen Mikko Vainonen 40 0 1 4
Penalty Kill 4 Players Forward
Center Wing Time % Phy DF OF
1 Calvin Thurkauf Henri Ikonen 60 1 2 2
2 Dominic Turgeon Zack MacEwen 40 1 2 2
Penalty Kill 4 Players Defense
Defense Defense Time % Phy DF OF
1 Mikko Vainonen Matt Grzelcyk 60 1 2 2
2 Jack Glover Markus Niemelainen 40 1 2 2
Penalty Kill - 3 Players Forward
Forward Time % Phy DF OF
1 Luke Kunin 60 1 2 2
2 Quinton Byfield 40 1 2 2
Penalty Kill - 3 Players Defense
Defense Defense Time % Phy DF OF
1 Zac Leslie Matt Grzelcyk 60 1 2 2
2 Jack Glover Tarmo Reunanen 40 1 2 2
4 vs 4 Forward
Center Wing Time % Phy DF OF
1 Calvin Thurkauf Troy Terry 60 1 2 2
2 Quinton Byfield Henri Ikonen 40 1 2 2
4 vs 4 Defense
Defense Defense Time % Phy DF OF
1 Tarmo Reunanen Markus Niemelainen 60 1 2 2
2 Jack Glover Zac Leslie 40 1 2 2
Last Minutes Offensive
Center Left Wing Right Wing Defense Defense
Dominic Turgeon Mikhail Maltsev Troy Terry Matt Grzelcyk Mikko Vainonen
Last Minutes Defensive
Center Left Wing Right Wing Defense Defense
Dominic Turgeon Henri Ikonen Nick Merkley Jack Glover Matt Grzelcyk
Goaltenders
Starting : Thomas McCollum
Backup : Mads Sogaard
Extra Forwards
Normal : Troy Terry, Dominic Turgeon, Mikhail Maltsev - PP : Troy Terry, Dominic Turgeon - PK : Nick Merkley
Extra Defensemen
Normal : Zac Leslie, Matt Grzelcyk, Jack Glover - PP : Mikko Vainonen - PK : Markus Niemelainen, Jack Glover
Penalty Shots
Troy Terry, Dominic Turgeon, Emil Heineman, Seth Jarvis, Luke Kunin
Custom OT Lines Forwards
Troy Terry, Dominic Turgeon, Luke Kunin, Mikhail Maltsev, Calvin Thurkauf, Pavel Dorofeyev, Seth Jarvis, Nick Merkley, Henri Ikonen, Emil Heineman
Custom OT Lines Defensemen
Zac Leslie, Matt Grzelcyk, Jack Glover, Tarmo Reunanen, Mikko Vainonen
Scratches
Mason Lohrei (Healthy), William Wallinder (Healthy), Damien Giroux (Healthy), Francis Perron (Healthy), Ryan Collins (Healthy)
MacKenzie Entwistle (Healthy), Massimo Rizzo (Healthy), Drew Helleson (Healthy), Yaroslav Askarov (Healthy)
% Time on Ice - Penguins
Lines # - Real PCT - Wanted PCT - Time Play
Normal Forward
1 - 33% - 40% - 15:49
2 - 27% - 30% - 12:48
3 - 24% - 20% - 11:22
4 - 16% - 10% - 7:36
Normal Defense
1 - 45% - 45% - 21:20
2 - 29% - 35% - 13:51
3 - 26% - 20% - 12:24
4 - 0% - 0% - 0:00
PP Forward
1 - 64% - 60% - 4:41
2 - 36% - 40% - 2:37
PP Defense
1 - 74% - 60% - 5:25
2 - 26% - 40% - 1:53
PK Forward
1 - 82% - 60% - 3:17
2 - 18% - 40% - 0:42
PK Defense
1 - 100% - 60% - 3:59
2 - 0% - 40% - 0:00
PK3 Forward
1 - 0% - 60%
2 - 0% - 40%
PK3 Defense
1 - 0% - 60%
2 - 0% - 40%
44 Forward
1 - 0% - 60%
2 - 0% - 40%
44 Defense
1 - 0% - 60%
2 - 0% - 40%
Last Minute Offensive - 0:00
Last Minute Defensive - 1:08
Total
Forward - 60:00
Defense - 60:00
|
% Time on Ice - Gulls
Lines # - Real PCT - Wanted PCT - Time Play
Normal Forward
1 - 34% - 40% - 16:15
2 - 28% - 30% - 13:06
3 - 24% - 20% - 11:30
4 - 14% - 10% - 6:43
Normal Defense
1 - 38% - 40% - 18:14
2 - 34% - 30% - 16:07
3 - 23% - 20% - 11:07
4 - 4% - 10% - 2:06
PP Forward
1 - 54% - 60% - 2:09
2 - 46% - 40% - 1:50
PP Defense
1 - 51% - 60% - 2:02
2 - 49% - 40% - 1:57
PK Forward
1 - 74% - 60% - 5:26
2 - 26% - 40% - 1:52
PK Defense
1 - 65% - 60% - 4:44
2 - 35% - 40% - 2:34
PK3 Forward
1 - 0% - 60%
2 - 0% - 40%
PK3 Defense
1 - 0% - 60%
2 - 0% - 40%
44 Forward
1 - 0% - 60%
2 - 0% - 40%
44 Defense
1 - 0% - 60%
2 - 0% - 40%
Last Minute Offensive - 1:09
Last Minute Defensive - 0:00
Total
Forward - 60:00
Defense - 60:00
|
Play-by-Play
1st period
0:01 of 1st period - Dominic Turgeon wins face-off versus Evan Rodrigues in neutral zone.
0:04 of 1st period - Evan Rodrigues is hit by Troy Terry and loses puck.
0:25 of 1st period - Jack Glover is hit by Philipp Kurashev and loses puck.
0:32 of 1st period - Backhand shot by Zac Leslie.
0:32 of 1st period - Shot Misses the Net.
1:08 of 1st period - Wrist shot by Zack MacEwen.
1:08 of 1st period - Shot Blocked by Bowen Byram.
1:34 of 1st period - Wrist shot by Clayton Keller.
1:34 of 1st period - Stopped by Thomas McCollum without a rebound.
1:35 of 1st period - Luke Kunin wins face-off versus Pierre-Luc Dubois in Gulls zone.
1:35 of 1st period - Luke Kunin is hit by Pierre-Luc Dubois.
2:33 of 1st period - Snap shot by Jesper Boqvist.
2:33 of 1st period - Shot Blocked by Calvin Thurkauf.
2:53 of 1st period - Backhand shot by Jack Glover.
2:53 of 1st period - Shot Blocked by Bowen Byram.
2:55 of 1st period - Slapshot by Zac Leslie.
2:55 of 1st period - Shot Misses the Net.
2:57 of 1st period - Snap shot by Zac Leslie.
2:57 of 1st period - Shot Blocked by Bowen Byram.
3:11 of 1st period - Snap shot by Nick Merkley.
3:11 of 1st period - Shot Misses the Net.
3:13 of 1st period - Slapshot by Matt Grzelcyk.
3:13 of 1st period - Deflect By Henri Ikonen.
3:13 of 1st period - Shot Misses the Net.
3:13 of 1st period - Puck is out of play.
3:14 of 1st period - Evan Rodrigues wins face-off versus Dominic Turgeon in Penguins zone.
4:00 of 1st period - Matt Grzelcyk is hit by Jesper Boqvist and loses puck.
4:23 of 1st period - Bowen Byram is hit by Zac Leslie and loses puck.
5:09 of 1st period - Slapshot by Philipp Kurashev.
5:09 of 1st period - Stopped by Thomas McCollum without a rebound.
5:10 of 1st period - Pierre-Luc Dubois wins face-off versus Dominic Turgeon in Gulls zone.
5:13 of 1st period - Wrist shot by Matthew Boldy.
5:13 of 1st period - Stopped by Thomas McCollum without a rebound.
5:14 of 1st period - Pierre-Luc Dubois wins face-off versus Dominic Turgeon in Gulls zone.
5:17 of 1st period - Snap shot by Pierre-Luc Dubois.
5:17 of 1st period - Stopped by Thomas McCollum without a rebound.
5:18 of 1st period - Dominic Turgeon wins face-off versus Evan Rodrigues in Gulls zone.
5:18 of 1st period - Dominic Turgeon is hit by Marc Del Gaizo.
5:29 of 1st period - Snap shot by Iven Barbashev.
5:29 of 1st period - Shot Blocked by Zac Leslie.
5:31 of 1st period - Snap shot by Marc Del Gaizo.
5:31 of 1st period - Stopped by Thomas McCollum without a rebound.
5:32 of 1st period - Evan Rodrigues wins face-off versus Luke Kunin in Gulls zone.
5:41 of 1st period - Wrist shot by Henri Ikonen.
5:41 of 1st period - Shot Misses the Net.
6:17 of 1st period - Snap shot by Iven Barbashev.
6:17 of 1st period - Stopped by Thomas McCollum without a rebound.
6:18 of 1st period - Pierre-Luc Dubois wins face-off versus Dominic Turgeon in Gulls zone.
6:19 of 1st period - Wrist shot by Philipp Kurashev.
6:19 of 1st period - Shot Misses the Net.
6:44 of 1st period - Jackson LaCombe is hit by Calvin Thurkauf and loses puck.
6:58 of 1st period - Minor Penalty to Jackson LaCombe for Tripping.
6:59 of 1st period - Dominic Turgeon wins face-off versus Evan Rodrigues in Penguins zone.
6:59 of 1st period - Wrist shot by Seth Jarvis.
6:59 of 1st period - Goal by Seth Jarvis - Penguins : 0 - Gulls : 1.
7:00 of 1st period - Pierre-Luc Dubois wins face-off versus Dominic Turgeon in neutral zone.
7:11 of 1st period - Pierre-Luc Dubois is hit by Troy Terry and loses puck.
7:16 of 1st period - Slapshot by Troy Terry.
7:16 of 1st period - Stopped by Louis Domingue without a rebound.
7:17 of 1st period - Evan Rodrigues wins face-off versus Luke Kunin in Penguins zone.
7:17 of 1st period - Evan Rodrigues is hit by Luke Kunin.
7:25 of 1st period - Snap shot by Clayton Keller.
7:25 of 1st period - Stopped by Thomas McCollum with a rebound.
7:27 of 1st period - Backhand shot by John Marino.
7:27 of 1st period - Shot Misses the Net.
7:31 of 1st period - Snap shot by Iven Barbashev.
7:31 of 1st period - Shot Misses the Net.
7:33 of 1st period - Slapshot by John Marino.
7:33 of 1st period - Shot Blocked by Zac Leslie.
8:08 of 1st period - Slapshot by Marc Del Gaizo.
8:08 of 1st period - Stopped by Thomas McCollum without a rebound.
8:09 of 1st period - Calvin Thurkauf wins face-off versus Dmitry Voronkov in Gulls zone.
8:24 of 1st period - Snap shot by Valtteri Puustinen.
8:24 of 1st period - Stopped by Thomas McCollum with a rebound.
8:32 of 1st period - Slapshot by Seth Jarvis.
8:32 of 1st period - Stopped by Louis Domingue with a rebound.
8:40 of 1st period - Wrist shot by Clayton Keller.
8:40 of 1st period - Stopped by Thomas McCollum without a rebound.
8:41 of 1st period - Mikhail Maltsev wins face-off versus Evan Rodrigues in Gulls zone.
8:50 of 1st period - Slapshot by Clayton Keller.
8:50 of 1st period - Deflect By Iven Barbashev.
8:50 of 1st period - Shot Misses the Net.
8:50 of 1st period - Puck is out of play.
8:51 of 1st period - Dominic Turgeon wins face-off versus Evan Rodrigues in Gulls zone.
8:51 of 1st period - Dominic Turgeon is hit by Clayton Keller.
8:59 of 1st period - Wrist shot by Mikhail Maltsev.
8:59 of 1st period - Stopped by Louis Domingue without a rebound.
9:00 of 1st period - Luke Kunin wins face-off versus Pierre-Luc Dubois in Penguins zone.
9:09 of 1st period - Slapshot by Luke Kunin.
9:09 of 1st period - Shot Blocked by Pierre-Luc Dubois.
10:11 of 1st period - Snap shot by Clayton Keller.
10:11 of 1st period - Shot Misses the Net.
10:13 of 1st period - Slapshot by Iven Barbashev.
10:13 of 1st period - Goal by Iven Barbashev - Penguins : 1 - Gulls : 1.
10:14 of 1st period - Evan Rodrigues wins face-off versus Luke Kunin in neutral zone.
11:27 of 1st period - Wrist shot by Henri Ikonen.
11:27 of 1st period - Stopped by Louis Domingue with a rebound.
11:29 of 1st period - Snap shot by Nick Merkley.
11:29 of 1st period - Shot Misses the Net.
12:03 of 1st period - Denis Malgin is hit by Dominic Turgeon and loses puck.
12:12 of 1st period - Bowen Byram is hit by Dominic Turgeon and loses puck.
12:37 of 1st period - Slapshot by Matthew Boldy.
12:37 of 1st period - Shot Misses the Net.
13:07 of 1st period - Snap shot by Matt Grzelcyk.
13:07 of 1st period - Shot Blocked by Jackson LaCombe.
13:14 of 1st period - Off-side.
13:15 of 1st period - Luke Kunin wins face-off versus Evan Rodrigues in neutral zone.
13:31 of 1st period - Minor Penalty to Zac Leslie for Hooking.
13:32 of 1st period - Calvin Thurkauf wins face-off versus Evan Rodrigues in Gulls zone.
15:31 of 1st period - Penalty to Zac Leslie is over, Zac Leslie is back on ice.
15:36 of 1st period - Pierre-Luc Dubois is hit by Mikhail Maltsev.
16:03 of 1st period - Tarmo Reunanen is hit by Jamie Drysdale and loses puck.
16:18 of 1st period - Zac Leslie is hit by Bowen Byram and loses puck.
16:59 of 1st period - Denis Malgin is hit by Zack MacEwen and loses puck.
17:22 of 1st period - Troy Terry is hit by Jeff Malott and loses puck.
18:03 of 1st period - Off-side.
18:04 of 1st period - Evan Rodrigues wins face-off versus Luke Kunin in neutral zone.
18:07 of 1st period - Slapshot by Iven Barbashev.
18:07 of 1st period - Shot Misses the Net.
18:13 of 1st period - Snap shot by Henri Ikonen.
18:13 of 1st period - Stopped by Louis Domingue with a rebound.
18:57 of 1st period - Wrist shot by Zack MacEwen.
18:57 of 1st period - Shot Misses the Net.
18:59 of 1st period - Slapshot by Tarmo Reunanen.
18:59 of 1st period - Shot Misses the Net.
19:10 of 1st period - Icing by Markus Niemelainen.
19:11 of 1st period - Evan Rodrigues wins face-off versus Luke Kunin in Gulls zone.
19:22 of 1st period - Wrist shot by Clayton Keller.
19:22 of 1st period - Shot Blocked by Markus Niemelainen.
19:44 of 1st period - Snap shot by Seth Jarvis.
19:44 of 1st period - Stopped by Louis Domingue without a rebound.
19:45 of 1st period - Dominic Turgeon wins face-off versus Evan Rodrigues in Penguins zone.
Goals for this period are 1 for Penguins vs 1 for Gulls.
Shots for this period are 11 for Penguins vs 7 for Gulls.
2nd period
0:01 of 2nd period - Dominic Turgeon wins face-off versus Evan Rodrigues in neutral zone.
0:03 of 2nd period - Off-side.
0:04 of 2nd period - Dominic Turgeon wins face-off versus Evan Rodrigues in neutral zone.
0:15 of 2nd period - Slapshot by Troy Terry.
0:15 of 2nd period - Shot Blocked by Marc Del Gaizo.
0:38 of 2nd period - Zac Leslie is hit by Matthew Boldy and loses puck.
0:53 of 2nd period - Denis Malgin is hit by Jack Glover and loses puck.
0:58 of 2nd period - Backhand shot by Calvin Thurkauf.
0:58 of 2nd period - Deflect By Bowen Byram.
0:58 of 2nd period - Stopped by Louis Domingue with a rebound.
1:00 of 2nd period - Wrist shot by Seth Jarvis.
1:00 of 2nd period - Shot Blocked by Denis Malgin.
1:02 of 2nd period - Snap shot by Zac Leslie.
1:02 of 2nd period - Stopped by Louis Domingue with a rebound.
1:57 of 2nd period - Slapshot by Luke Kunin.
1:57 of 2nd period - Shot Blocked by Artemi Kniazev.
1:59 of 2nd period - Wrist shot by Matt Grzelcyk.
1:59 of 2nd period - Shot Blocked by Philipp Kurashev.
2:39 of 2nd period - Slapshot by Evan Rodrigues.
2:39 of 2nd period - Stopped by Thomas McCollum with a rebound.
2:45 of 2nd period - Snap shot by Iven Barbashev.
2:45 of 2nd period - Stopped by Thomas McCollum with a rebound.
3:01 of 2nd period - Snap shot by Zack MacEwen.
3:01 of 2nd period - Shot Misses the Net.
3:03 of 2nd period - Wrist shot by Quinton Byfield.
3:03 of 2nd period - Stopped by Louis Domingue without a rebound.
3:04 of 2nd period - Zack MacEwen wins face-off versus Pierre-Luc Dubois in Penguins zone.
3:05 of 2nd period - Slapshot by Zac Leslie.
3:05 of 2nd period - Shot Blocked by Philipp Kurashev.
3:11 of 2nd period - Slapshot by Zac Leslie.
3:11 of 2nd period - Stopped by Louis Domingue with a rebound.
3:31 of 2nd period - Dominic Turgeon is hit by Marc Del Gaizo and loses puck.
3:48 of 2nd period - Snap shot by Calvin Thurkauf.
3:48 of 2nd period - Shot Blocked by Evan Rodrigues.
4:36 of 2nd period - Slapshot by Jamie Drysdale.
4:36 of 2nd period - Stopped by Thomas McCollum without a rebound.
4:37 of 2nd period - Dmitry Voronkov wins face-off versus Dominic Turgeon in Gulls zone.
4:47 of 2nd period - Minor Penalty to Mikhail Maltsev for Delaying the game.
4:48 of 2nd period - Calvin Thurkauf wins face-off versus Evan Rodrigues in Gulls zone.
5:02 of 2nd period - Snap shot by Iven Barbashev.
5:02 of 2nd period - Stopped by Thomas McCollum with a rebound.
5:24 of 2nd period - Slapshot by Matthew Boldy.
5:24 of 2nd period - Stopped by Thomas McCollum without a rebound.
5:25 of 2nd period - Evan Rodrigues wins face-off versus Dominic Turgeon in Gulls zone.
5:55 of 2nd period - Matt Grzelcyk is hit by Pierre-Luc Dubois and loses puck.
6:00 of 2nd period - Slapshot by Matthew Boldy.
6:00 of 2nd period - Stopped by Thomas McCollum without a rebound.
6:01 of 2nd period - Calvin Thurkauf wins face-off versus Evan Rodrigues in Gulls zone.
6:01 of 2nd period - Calvin Thurkauf is hit by Evan Rodrigues.
6:32 of 2nd period - Off-side.
6:33 of 2nd period - Calvin Thurkauf wins face-off versus Iven Barbashev in neutral zone.
6:44 of 2nd period - Slapshot by Marc Del Gaizo.
6:44 of 2nd period - Shot Blocked by Dominic Turgeon.
6:46 of 2nd period - Slapshot by John Marino.
6:46 of 2nd period - Shot Misses the Net.
6:47 of 2nd period - Penalty to Mikhail Maltsev is over, Mikhail Maltsev is back on ice.
6:48 of 2nd period - Snap shot by Matthew Boldy.
6:48 of 2nd period - Shot Misses the Net.
6:50 of 2nd period - Slapshot by Pierre-Luc Dubois.
6:50 of 2nd period - Deflect By Zack MacEwen.
6:50 of 2nd period - Stopped by Thomas McCollum with a rebound.
6:52 of 2nd period - Slapshot by Philipp Kurashev.
6:52 of 2nd period - Deflect By Markus Niemelainen.
6:52 of 2nd period - Stopped by Thomas McCollum with a rebound.
6:54 of 2nd period - Wrist shot by Matthew Boldy.
6:54 of 2nd period - Shot Misses the Net.
7:23 of 2nd period - Jackson LaCombe is hit by Dominic Turgeon and loses puck.
7:40 of 2nd period - Wrist shot by Zack MacEwen.
7:40 of 2nd period - Shot Misses the Net.
7:42 of 2nd period - Wrist shot by Zack MacEwen.
7:42 of 2nd period - Stopped by Louis Domingue without a rebound.
7:43 of 2nd period - Calvin Thurkauf wins face-off versus Evan Rodrigues in Penguins zone.
7:54 of 2nd period - Seth Jarvis is hit by Clayton Keller.
8:00 of 2nd period - John Marino is hit by Calvin Thurkauf and loses puck.
8:11 of 2nd period - Mikko Vainonen is hit by John Marino and loses puck.
8:40 of 2nd period - Wrist shot by Henri Ikonen.
8:40 of 2nd period - Shot Blocked by John Marino.
10:19 of 2nd period - Mikko Vainonen is hit by Sampo Ranta.
10:41 of 2nd period - Slapshot by Mikhail Maltsev.
10:41 of 2nd period - Stopped by Louis Domingue with a rebound.
10:43 of 2nd period - Slapshot by Tarmo Reunanen.
10:43 of 2nd period - Stopped by Louis Domingue with a rebound.
10:57 of 2nd period - Wrist shot by Sampo Ranta.
10:57 of 2nd period - Shot Blocked by Mikko Vainonen.
10:59 of 2nd period - Slapshot by Jamie Drysdale.
10:59 of 2nd period - Deflect By Matt Grzelcyk.
10:59 of 2nd period - Stopped by Thomas McCollum without a rebound.
11:00 of 2nd period - Evan Rodrigues wins face-off versus Luke Kunin in Gulls zone.
11:09 of 2nd period - Evan Rodrigues is hit by Luke Kunin and loses puck.
11:21 of 2nd period - Artemi Kniazev is hit by Luke Kunin and loses puck.
11:36 of 2nd period - Slapshot by Matthew Boldy.
11:36 of 2nd period - Stopped by Thomas McCollum without a rebound.
11:37 of 2nd period - Pierre-Luc Dubois wins face-off versus Dominic Turgeon in Gulls zone.
11:44 of 2nd period - Matthew Boldy is hit by Troy Terry and loses puck.
12:20 of 2nd period - Icing by Nick Merkley.
12:21 of 2nd period - Denis Malgin wins face-off versus Calvin Thurkauf in Gulls zone.
12:22 of 2nd period - Wrist shot by Jesper Boqvist.
12:22 of 2nd period - Stopped by Thomas McCollum without a rebound.
12:23 of 2nd period - Calvin Thurkauf wins face-off versus Jesper Boqvist in Gulls zone.
12:30 of 2nd period - Snap shot by Jack Glover.
12:30 of 2nd period - Stopped by Louis Domingue with a rebound.
12:32 of 2nd period - Snap shot by Calvin Thurkauf.
12:32 of 2nd period - Shot Misses the Net.
12:34 of 2nd period - Wrist shot by Seth Jarvis.
12:34 of 2nd period - Shot Misses the Net.
12:36 of 2nd period - Snap shot by Seth Jarvis.
12:36 of 2nd period - Stopped by Louis Domingue with a rebound.
12:38 of 2nd period - Slapshot by Jack Glover.
12:38 of 2nd period - Deflect By Seth Jarvis.
12:38 of 2nd period - Shot Blocked by Jesper Boqvist.
12:38 of 2nd period - Puck is out of play.
12:39 of 2nd period - Evan Rodrigues wins face-off versus Dominic Turgeon in Penguins zone.
13:28 of 2nd period - Slapshot by Calvin Thurkauf.
13:28 of 2nd period - Stopped by Louis Domingue with a rebound.
13:30 of 2nd period - Wrist shot by Pavel Dorofeyev.
13:30 of 2nd period - Shot Blocked by Marc Del Gaizo.
13:30 of 2nd period - Marc Del Gaizo from Penguins is injured at 13:30 of 2nd period (Sprained Right Knee).
13:31 of 2nd period - Troy Terry wins face-off versus Evan Rodrigues in Penguins zone.
13:49 of 2nd period - Mikhail Maltsev is hit by Clayton Keller and loses puck.
14:30 of 2nd period - Seth Jarvis is hit by Dmitry Voronkov and loses puck.
14:45 of 2nd period - Slapshot by Jesper Boqvist.
14:45 of 2nd period - Stopped by Thomas McCollum with a rebound.
14:47 of 2nd period - Slapshot by Jackson LaCombe.
14:47 of 2nd period - Shot Blocked by Matt Grzelcyk.
14:49 of 2nd period - Slapshot by Jeff Malott.
14:49 of 2nd period - Shot Misses the Net.
14:51 of 2nd period - Snap shot by Jeff Malott.
14:51 of 2nd period - Stopped by Thomas McCollum with a rebound.
14:53 of 2nd period - Slapshot by Artemi Kniazev.
14:53 of 2nd period - Shot Blocked by Mikko Vainonen.
15:10 of 2nd period - Troy Terry is hit by Clayton Keller and loses puck.
15:39 of 2nd period - Snap shot by Dominic Turgeon.
15:39 of 2nd period - Deflect By Mikhail Maltsev.
15:39 of 2nd period - Stopped by Louis Domingue without a rebound.
15:40 of 2nd period - Luke Kunin wins face-off versus Evan Rodrigues in Penguins zone.
15:47 of 2nd period - Snap shot by Henri Ikonen.
15:47 of 2nd period - Deflect By Luke Kunin.
15:47 of 2nd period - Shot Blocked by Iven Barbashev.
15:47 of 2nd period - Puck is out of play.
15:48 of 2nd period - Luke Kunin wins face-off versus Clayton Keller in Penguins zone.
16:13 of 2nd period - Evan Rodrigues is hit by Henri Ikonen and loses puck.
16:36 of 2nd period - Snap shot by Evan Rodrigues.
16:36 of 2nd period - Stopped by Thomas McCollum with a rebound.
16:44 of 2nd period - Backhand shot by Henri Ikonen.
16:44 of 2nd period - Stopped by Louis Domingue without a rebound.
16:45 of 2nd period - Dominic Turgeon wins face-off versus Matthew Boldy in Penguins zone.
16:54 of 2nd period - Wrist shot by Philipp Kurashev.
16:54 of 2nd period - Shot Misses the Net.
16:56 of 2nd period - Slapshot by John Marino.
16:56 of 2nd period - Shot Blocked by Troy Terry.
17:10 of 2nd period - Jeff Malott is hit by Zac Leslie and loses puck.
17:39 of 2nd period - Slapshot by Zac Leslie.
17:39 of 2nd period - Deflect By Sampo Ranta.
17:39 of 2nd period - Stopped by Louis Domingue with a rebound.
17:41 of 2nd period - Snap shot by Matt Grzelcyk.
17:41 of 2nd period - Stopped by Louis Domingue without a rebound.
17:42 of 2nd period - Pierre-Luc Dubois wins face-off versus Dominic Turgeon in Penguins zone.
17:42 of 2nd period - Pierre-Luc Dubois is hit by Dominic Turgeon.
17:58 of 2nd period - Slapshot by Pierre-Luc Dubois.
17:58 of 2nd period - Stopped by Thomas McCollum without a rebound.
17:59 of 2nd period - Luke Kunin wins face-off versus Evan Rodrigues in Gulls zone.
18:04 of 2nd period - Slapshot by Jack Glover.
18:04 of 2nd period - Shot Misses the Net.
18:24 of 2nd period - Philipp Kurashev is hit by Jack Glover and loses puck.
18:29 of 2nd period - Slapshot by Mikhail Maltsev.
18:29 of 2nd period - Stopped by Louis Domingue with a rebound.
18:31 of 2nd period - Slapshot by Tarmo Reunanen.
18:31 of 2nd period - Deflect By Mikhail Maltsev.
18:31 of 2nd period - Goal by Mikhail Maltsev - Penguins : 1 - Gulls : 2.
18:32 of 2nd period - Dominic Turgeon wins face-off versus Evan Rodrigues in neutral zone.
19:05 of 2nd period - Minor Penalty to Luke Kunin for Tripping.
19:06 of 2nd period - Evan Rodrigues wins face-off versus Calvin Thurkauf in Gulls zone.
Goals for this period are 0 for Penguins vs 1 for Gulls.
Shots for this period are 15 for Penguins vs 16 for Gulls.
3rd period
0:01 of 3rd period - Calvin Thurkauf wins face-off versus Evan Rodrigues in neutral zone.
1:05 of 3rd period - Penalty to Luke Kunin is over, Luke Kunin is back on ice.
2:59 of 3rd period - Snap shot by Jeff Malott.
2:59 of 3rd period - Stopped by Thomas McCollum with a rebound.
3:01 of 3rd period - Snap shot by Jeff Malott.
3:01 of 3rd period - Shot Blocked by Troy Terry.
3:08 of 3rd period - Off-side.
3:09 of 3rd period - Evan Rodrigues wins face-off versus Luke Kunin in neutral zone.
3:14 of 3rd period - Slapshot by Jackson LaCombe.
3:14 of 3rd period - Shot Blocked by Zac Leslie.
3:45 of 3rd period - Slapshot by Matthew Boldy.
3:45 of 3rd period - Shot Misses the Net.
3:55 of 3rd period - Pierre-Luc Dubois is hit by Zac Leslie and loses puck.
4:00 of 3rd period - Wrist shot by Seth Jarvis.
4:00 of 3rd period - Shot Blocked by Pierre-Luc Dubois.
4:02 of 3rd period - Backhand shot by Matt Grzelcyk.
4:02 of 3rd period - Deflect By Calvin Thurkauf.
4:02 of 3rd period - Stopped by Louis Domingue with a rebound.
4:06 of 3rd period - Snap shot by Seth Jarvis.
4:06 of 3rd period - Stopped by Louis Domingue without a rebound.
4:07 of 3rd period - Dominic Turgeon wins face-off versus Evan Rodrigues in Penguins zone.
4:16 of 3rd period - Slapshot by Mikhail Maltsev.
4:16 of 3rd period - Stopped by Louis Domingue with a rebound.
4:58 of 3rd period - Slapshot by Dmitry Voronkov.
4:58 of 3rd period - Stopped by Thomas McCollum with a rebound.
5:00 of 3rd period - Slapshot by John Marino.
5:00 of 3rd period - Shot Blocked by Jack Glover.
5:02 of 3rd period - Snap shot by Jamie Drysdale.
5:02 of 3rd period - Shot Blocked by Zack MacEwen.
5:04 of 3rd period - Slapshot by John Marino.
5:04 of 3rd period - Stopped by Thomas McCollum with a rebound.
5:32 of 3rd period - Minor Penalty to Jackson LaCombe for Tripping.
5:33 of 3rd period - Dominic Turgeon wins face-off versus Evan Rodrigues in Penguins zone.
6:06 of 3rd period - Snap shot by Luke Kunin.
6:06 of 3rd period - Shot Blocked by John Marino.
6:18 of 3rd period - Pierre-Luc Dubois is hit by Mikhail Maltsev and loses puck.
7:32 of 3rd period - Penalty to Jackson LaCombe is over, Jackson LaCombe is back on ice.
8:02 of 3rd period - Jackson LaCombe is hit by Calvin Thurkauf and loses puck.
8:13 of 3rd period - Nick Merkley is hit by Matthew Boldy and loses puck.
8:32 of 3rd period - Snap shot by Iven Barbashev.
8:32 of 3rd period - Goal by Iven Barbashev - Penguins : 2 - Gulls : 2.
8:33 of 3rd period - Dominic Turgeon wins face-off versus Denis Malgin in neutral zone.
8:58 of 3rd period - Zack MacEwen is hit by John Marino and loses puck.
9:20 of 3rd period - Backhand shot by Luke Kunin.
9:20 of 3rd period - Stopped by Louis Domingue with a rebound.
9:35 of 3rd period - Off-side.
9:36 of 3rd period - Troy Terry wins face-off versus Jesper Boqvist in neutral zone.
9:46 of 3rd period - Slapshot by Matt Grzelcyk.
9:46 of 3rd period - Shot Misses the Net.
9:51 of 3rd period - Off-side.
9:52 of 3rd period - Philipp Kurashev wins face-off versus Luke Kunin in neutral zone.
9:59 of 3rd period - Slapshot by Jackson LaCombe.
9:59 of 3rd period - Stopped by Thomas McCollum with a rebound.
10:24 of 3rd period - Zac Leslie is hit by Evan Rodrigues and loses puck.
11:08 of 3rd period - Backhand shot by Sampo Ranta.
11:08 of 3rd period - Deflect By Valtteri Puustinen.
11:08 of 3rd period - Stopped by Thomas McCollum with a rebound.
11:10 of 3rd period - Slapshot by Jamie Drysdale.
11:10 of 3rd period - Shot Blocked by Calvin Thurkauf.
11:30 of 3rd period - Philipp Kurashev is hit by Mikhail Maltsev and loses puck.
11:35 of 3rd period - Snap shot by Troy Terry.
11:35 of 3rd period - Shot Blocked by Bowen Byram.
11:37 of 3rd period - Wrist shot by Mikhail Maltsev.
11:37 of 3rd period - Shot Blocked by Matthew Boldy.
11:56 of 3rd period - Minor Penalty to Henri Ikonen for Tripping.
11:57 of 3rd period - Calvin Thurkauf wins face-off versus Evan Rodrigues in Gulls zone.
12:06 of 3rd period - Calvin Thurkauf is hit by John Marino and loses puck.
12:11 of 3rd period - Snap shot by Evan Rodrigues.
12:11 of 3rd period - Shot Misses the Net.
12:34 of 3rd period - Nick Merkley is hit by Evan Rodrigues and loses puck.
12:53 of 3rd period - Snap shot by Iven Barbashev.
12:53 of 3rd period - Shot Misses the Net.
13:17 of 3rd period - Snap shot by Iven Barbashev.
13:17 of 3rd period - Goal by Iven Barbashev - Penguins : 3 - Gulls : 2.
13:18 of 3rd period - Pierre-Luc Dubois wins face-off versus Dominic Turgeon in neutral zone.
14:12 of 3rd period - Slapshot by Henri Ikonen.
14:12 of 3rd period - Shot Misses the Net.
14:51 of 3rd period - Snap shot by Henri Ikonen.
14:51 of 3rd period - Shot Misses the Net.
14:53 of 3rd period - Slapshot by Luke Kunin.
14:53 of 3rd period - Stopped by Louis Domingue with a rebound.
14:55 of 3rd period - Slapshot by Tarmo Reunanen.
14:55 of 3rd period - Deflect By John Marino.
14:55 of 3rd period - Stopped by Louis Domingue without a rebound.
14:56 of 3rd period - Dominic Turgeon wins face-off versus Evan Rodrigues in Penguins zone.
15:11 of 3rd period - Mikhail Maltsev is hit by Iven Barbashev and loses puck.
15:22 of 3rd period - Jack Glover is hit by Philipp Kurashev and loses puck.
15:43 of 3rd period - Snap shot by Sampo Ranta.
15:43 of 3rd period - Deflect By Valtteri Puustinen.
15:43 of 3rd period - Shot Misses the Net.
15:43 of 3rd period - Puck is out of play.
15:44 of 3rd period - Troy Terry wins face-off versus Dmitry Voronkov in Gulls zone.
15:51 of 3rd period - Slapshot by Dominic Turgeon.
15:51 of 3rd period - Deflect By Troy Terry.
15:51 of 3rd period - Stopped by Louis Domingue without a rebound.
15:52 of 3rd period - Evan Rodrigues wins face-off versus Dominic Turgeon in Penguins zone.
16:46 of 3rd period - Slapshot by Matt Grzelcyk.
16:46 of 3rd period - Deflect By Philipp Kurashev.
16:46 of 3rd period - Stopped by Louis Domingue with a rebound.
16:48 of 3rd period - Minor Penalty to Jackson LaCombe for Tripping.
16:49 of 3rd period - Dominic Turgeon wins face-off versus Evan Rodrigues in Penguins zone.
18:01 of 3rd period - Wrist shot by Matthew Boldy.
18:01 of 3rd period - Shot Misses the Net.
18:03 of 3rd period - Slapshot by Bowen Byram.
18:03 of 3rd period - Shot Blocked by Mikhail Maltsev.
18:05 of 3rd period - Snap shot by Artemi Kniazev.
18:05 of 3rd period - Shot Blocked by Dominic Turgeon.
18:48 of 3rd period - Penalty to Jackson LaCombe is over, Jackson LaCombe is back on ice.
19:04 of 3rd period - Gulls, Thomas McCollum is pulled from the net.
19:22 of 3rd period - John Marino is hit by Henri Ikonen and loses puck.
19:29 of 3rd period - Wrist shot by Nick Merkley.
19:29 of 3rd period - Shot Blocked by Jesper Boqvist.
19:53 of 3rd period - Slapshot by Jesper Boqvist.
19:53 of 3rd period - Shot Misses the Net.
Goals for this period are 2 for Penguins vs 0 for Gulls.
Shots for this period are 7 for Penguins vs 8 for Gulls.